 Dungeon Crawl Stone Soup version 0.31-a0-175-g9f7f995f2b (webtiles) character file.

Game seed: 2557189944946237567

591 qw the Shooter (level 7, -11/44 HPs)
             Began as a Gargoyle Hunter on June 16, 2023.
             Killed from afar by a steam dragon (23 damage)
             ... with a ball of steam
             ... on level 5 of the Dungeon.
             The game lasted 00:01:48 (4315 turns).

qw the Shooter (Gargoyle Hunter)                    Turns: 4315, Time: 00:01:49

Health: -11/44     AC: 13    Str: 11 (13) XL:     7   Next: 39%
Magic:  7/7        EV: 10    Int:  8 (9)  God:
Gold:   245        SH:  0    Dex: 18 (19) Spells: 6/6 levels left

rFire   . . .        Y - +1 shortbow
rCold   . . .        (shield currently unavailable)
rNeg    + . .        i - +0 ring mail
rPois   inf          u - +0 helmet
rElec   +            (no cloak)
rCorr   .            m - +0 pair of gloves
SInv    .            k - +0 pair of boots
Will    .....        l - amulet of regeneration
Stlth   +            (no ring)
HPRegen 1.07/turn    (no ring)
MPRegen 0.10/turn

%: no passive effects
@: about to teleport
A: sickness immunity, AC +4, negative energy resistance 1, electricity
resistance, torment resistance 1, petrification resistance, agile 1, screaming 1
a: no special abilities


You were on level 5 of the Dungeon.
You visited 1 branch of the dungeon, and saw 5 of its levels.
You also visited: Sewer.

You collected 245 gold pieces.


Innate Abilities, Weirdness & Mutations

You are immune to sickness and miasma.
Your stone body is resilient. (AC +4)
You are immune to poison.
You resist negative energy. (rN+)
You are resistant to electric shocks. (rElec)
You are resistant to unholy torment.
You are immune to petrification.
You are agile. (Dex +4, Str/Int -1)
You occasionally shout uncontrollably at your foes.


   Skills:
 - Level 5.0 Fighting
 + Level 7.2 Ranged Weapons
 - Level 2.3 Armour
 - Level 1.5 Dodging
 - Level 1.1 Stealth


You had 6 spell levels left.
You didn't know any spells.
Your spell library was empty.

Inventory:

Hand Weapons
 Y - a +1 shortbow (weapon)
Armour
 i - a +0 ring mail (worn)
 k - a +0 pair of boots (worn)
 m - a +0 pair of gloves (worn)
 u - a +0 helmet (worn)
Jewellery
 l - an amulet of regeneration (around neck)
 p - a ring of fire
Scrolls
 g - a scroll of identify
 o - 2 scrolls of teleportation
Potions
 a - 2 potions of curing
 b - a potion of resistance {unknown}
 d - a potion of might
 e - a potion of brilliance {unknown}
 f - a potion of haste
 h - a potion of lignification
 j - a potion of cancellation {unknown}
 q - a potion of mutation
 r - a potion of attraction {unknown}

Dungeon Overview and Level Annotations

Branches:
Dungeon (5/15)              Sewer (visited)
 Temple: D:4-7

Altars:
Cheibriados
Uskayaw


Message History

Enter note:
Enter note: A steam dragon comes into view.
Found a silver ring.
Enter note:
Enter note:
Enter note:
Enter note:
Enter note:
Enter note:
Enter note:
Enter note:
Enter note:
Enter note:
Enter note:
Enter note: You shoot an arrow.
The arrow hits the steam dragon but does no damage.
You shoot an arrow. The arrow hits the steam dragon.
The steam dragon is lightly wounded.
You shoot an arrow.
The arrow hits the steam dragon but does no damage.
The steam dragon is lightly wounded.
The steam dragon breathes steam at you. The ball of steam hits you!!
You shoot an arrow.
The arrow closely misses the steam dragon.
You are engulfed in a cloud of scalding steam.
You start resting.
You're standing in a cloud of steam!
You shoot an arrow. The arrow hits the steam dragon.
The steam dragon is moderately wounded.
You are engulfed in a cloud of scalding steam.
4315 ||| READING 3 scrolls of teleportation.
As you read the scroll of teleportation, it crumbles to dust.
You feel strangely unstable. The steam dragon breathes steam at you.
The ball of steam hits you!!
Ouch! That really hurt!
You die...

#..........###.....##
#..........##.......#
#..........##.#.....#
#####.####..........#
#.# ####........ ##.#
#........ #..#
#........ #.##
#......... #@#
...........
#...D...#.#.#.#....>.
#......=..#.#.#######
#.!......## #.#######
#..[.....# .......#
#.......... .......#
#........... ........
##......##.. .......#
########


You could see a steam dragon (catching breath).

Vanquished Creatures
  Eustachio (D:4)
  A phantom (D:5)
  A bullfrog (D:5)
  2 hounds (D:5)
  A jelly (D:4)
  Ijyb (D:2)
  A hell rat (Sewer)
  5 adders
  3 river rats (Sewer)
  7 worms
  A dart slug (D:2)
  An orc (D:3)
  9 ball pythons
  8 bats
  6 endoplasms
  9 giant cockroaches
  8 goblins
  6 hobgoblins
  2 jackals (D:1)
  4 quokkas
  2 frilled lizards
  7 kobolds
  11 rats
97 creatures vanquished.

Notes
Turn   | Place    | Note
-------+----------+-------------------------------------------
     0 | D:1      | qw the Gargoyle Hunter began the quest for the Orb.
     0 | D:1      | Reached XP level 1. HP: 12/12 MP: 1/1
     0 | D:1      | 0 ||| qw: Version: 0.2-a-29-g511e9b1
     0 | D:1      | 0 ||| qw: Game counter: 5667
     0 | D:1      | 0 ||| qw: Always use a shield: true
     0 | D:1      | 0 ||| qw: God list: Okawaru
     0 | D:1      | 0 ||| qw: Allow faded altars: false
     0 | D:1      | 0 ||| qw: Do Orc after D:15 true
     0 | D:1      | 0 ||| qw: Do second Lair branch before Depths: true
     0 | D:1      | 0 ||| qw: Lair rune preference: random
     0 | D:1      | 0 ||| qw: Plans: Normal, Zot:1-4, Slime:5, God:TSO, Crypt,
                  | Tomb, Abyss, Pan, Hells, Win
     0 | D:1      | 0 ||| PLANNING D:1-11
   145 | D:1      | Reached XP level 2. HP: 17/17 MP: 2/2
   481 | D:1      | Reached XP level 3. HP: 17/21 MP: 3/3
   642 | D:1      | Reached skill level 5 in Ranged Weapons
   898 | D:1      | 898 ||| UPGRADING to +0 ring mail.
   908 | D:1      | 908 ||| DROPPING +0 leather armour.
   909 | D:1      | 909 ||| DROPPING ring of wizardry.
   910 | D:1      | 910 ||| READING scroll labelled JUSIEH SIERA.
   911 | D:1      | 911 ||| READING 2 scrolls labelled UTASU NOAGH.
   912 | D:1      | 912 ||| READING scroll labelled UVIGIGRONU.
   913 | D:1      | 913 ||| DRINKING 2 fizzy brown potions.
   914 | D:1      | 914 ||| DROPPING scroll of butterflies.
   968 | D:2      | Reached skill level 1 in Armour
  1100 | D:2      | Reached XP level 4. HP: 24/27 MP: 4/4
  1105 | D:2      | Reached skill level 3 in Fighting
  1556 | D:2      | You fall into a shaft and drop 1 floor!
  1561 | D:3      | 1561 ||| STAIRDANCE
  1757 | D:2      | 1757 ||| READING scroll labelled VITWOM VAODOI.
  1827 | D:3      | Noticed Ijyb
  1829 | D:3      | 1829 ||| STAIRDANCE
  1829 | D:3      | HP: 2/28 [Ijyb/bolt of acid (13)]
  1939 | D:3      | 1939 ||| STAIRDANCE
  1977 | D:3      | 1977 ||| STAIRDANCE
  2003 | D:2      | Killed Ijyb
  2221 | D:3      | Reached XP level 5. HP: 32/32 MP: 5/5
  2257 | D:3      | Found a snail-covered altar of Cheibriados.
  2502 | D:3      | Found a hide-covered altar of Uskayaw.
  2640 | D:3      | 2640 ||| UPGRADING to +0 pair of boots.
  2645 | D:3      | 2645 ||| UPGRADING to +0 pair of gloves.
  2650 | D:3      | 2650 ||| UPGRADING to amulet of regeneration.
  2655 | D:3      | 2655 ||| READING scroll labelled BUNUER LYAG.
  2656 | D:3      | 2656 ||| READING 2 scrolls labelled METE PIERREA.
  2661 | D:3      | 2661 ||| READING scroll labelled HATECK IHIODGHU.
  2662 | D:3      | 2662 ||| DRINKING 2 purple potions.
  2743 | D:4      | Reached skill level 6 in Ranged Weapons
  3071 | D:4      | Noticed Eustachio
  3111 | D:4      | 3111 ||| Stepping ~*~*~tactically~*~*~ (outnumbered).
  3116 | D:4      | Killed Eustachio
  3117 | D:4      | Reached XP level 6. HP: 26/40 MP: 6/6
  3599 | D:4      | 3599 ||| UPGRADING to +0 helmet.
  3604 | D:4      | 3604 ||| READING scroll labelled JILAUW NICZOUMU.
  3605 | D:4      | 3605 ||| READING scroll labelled YKOYCE FEICKOTZ.
  3706 | D:4      | 3706 ||| DRINKING 3 orange potions.
  3707 | D:4      | 3707 ||| DRINKING 2 glowing pink potions.
  3708 | D:4      | 3708 ||| DRINKING 2 fuming sapphire potions.
  3709 | D:4      | 3709 ||| READING 2 scrolls of identify.
  3709 | D:4      | 3709 ||| IDENTIFYING red potion
  3710 | D:4      | 3710 ||| DROPPING potion of invisibility.
  3711 | D:4      | 3711 ||| DROPPING potion of enlightenment.
  3712 | D:4      | 3712 ||| DROPPING potion of degeneration.
  3744 | D:5      | Entered Level 5 of the Dungeon
  3745 | D:5      | 3745 ||| PLANNING SEWER
  3800 | D:5      | Reached XP level 7. HP: 44/44 MP: 7/7
  3849 | D:5      | Reached skill level 7 in Ranged Weapons
  3997 | D:5      | Found a glowing drain.
  3998 | D:5      | 3998 ||| DROPPING ring of magical power.
  4024 | Sewer    | Entered a sewer
  4043 | Sewer    | 4043 ||| Stepping ~*~*~tactically~*~*~ (water).
  4067 | Sewer    | 4067 ||| Stepping ~*~*~tactically~*~*~ (water).
  4073 | Sewer    | 4073 ||| Stepping ~*~*~tactically~*~*~ (water).
  4077 | Sewer    | 4077 ||| Stepping ~*~*~tactically~*~*~ (water).
  4133 | Sewer    | 4133 ||| READING 2 scrolls labelled YPTOIV ZORGH.
  4134 | Sewer    | 4134 ||| DRINKING 2 blue potions.
  4135 | Sewer    | 4135 ||| DRINKING 2 lumpy white potions.
  4135 | Sewer    | Gained mutation: You occasionally shout uncontrollably at
                  | your foes. [potion of mutation]
  4135 | Sewer    | Gained mutation: You are agile. (Dex +4, Str/Int -1)
                  | [potion of mutation]
  4136 | Sewer    | 4136 ||| DROPPING scroll of amnesia.
  4147 | D:5      | 4147 ||| PLANNING D:1-11
  4308 | D:5      | Noticed a steam dragon
  4314 | D:5      | HP: 10/44 [steam dragon] (5)]
  4315 | D:5      | 4315 ||| READING 3 scrolls of teleportation.
  4315 | D:5      | Killed from afar by a steam dragon

Levels and vault maps discovered:
D:1:      ncdulo_wetmaze, layout_loops_corners, kennysheep_flooded_box
D:2:      layout_loops_cross, chequers_serial_rivers_large_b,
          mrwooster_statue_mirror, chequers_serial_rivers_micro_d, st_stairs_11
D:3:      layout_basic, eat_drink_and_be_merry_uskayaw,
          mainiacjoe_overflow_tiny_flanked, hex_large, uniq_ijyb
D:4:      layout_loops_corners, minmay_box_of_dots, uniq_eustachio
D:5:      layout_rooms, minmay_temple_entry_poolview,
          cheibrodos_sewer_entry_bend

Skill      XL: |  1  2  3  4  5  6  7 |
---------------+----------------------+-----
Ranged Weapons | 5 6 7 |  7.2
Armour         | 1 2 |  2.3
Fighting       | 3 5 |  5.0
Dodging        | |  1.5
Stealth        | |  1.1

Action                     |  1- 3 |  4- 6 |  7- 9 || total
---------------------------+-------+-------+-------++-------
   Fire: Shortbow          |    97 |   236 |    71 ||   404
    Use: Scroll            |     3 |     7 |     2 ||    12
         Potion            |     1 |     4 |     2 ||     7
 Armour: Leather armour    |    11 |       |       ||    11
         Ring mail         |     9 |    87 |    12 ||   108
  Dodge: Dodged            |    28 |   102 |    19 ||   149

Table legend:
 A = Non-vault XP
 B = Vault XP
 C = Vault XP percentage of total XP
 D = Non-vault monster count
 E = Vault monster count
 F = Vault count percentage of total count
                 A         B        C        D         E       F
            +---------+---------+-------+---------+---------+-------
      Total |     520 |     325 |  38.5 |      82 |      15 |  15.5
            +---------+---------+-------+---------+---------+-------
        D:1 |      46 |       0 |   0.0 |      27 |       0 |   0.0
        D:2 |      70 |      43 |  38.1 |      22 |       4 |  15.4
        D:3 |      34 |       0 |   0.0 |      12 |       0 |   0.0
        D:4 |      77 |     195 |  71.7 |      16 |       3 |  15.8
        D:5 |     293 |      10 |   3.3 |       5 |       2 |  28.6
      Sewer |       0 |      77 | 100.0 |       0 |       6 | 100.0
            +---------+---------+-------+---------+---------+-------
